 Seeded DCSS version 0.30-a0-149-g7f746667c4 (webtiles) character file.

Game seed: 11575364757137126996 (custom seed)

3164 wilfster70 the Cleaver (level 9, -5/81 HPs)
             Began as a Hill Orc Monk on Sept 22, 2022.
             Was an Elder of Beogh.
             Killed by divine providence
             ... invoked by an orc priest
              (15 damage)
             ... on level 9 of the Dungeon on Sept 26, 2022.
             The game lasted 00:21:23 (9750 turns).

wilfster70 the Cleaver (Hill Orc Monk)              Turns: 9750, Time: 00:21:24

Health: -5/81      AC: 12    Str: 18    XL:     9   Next: 94%
Magic:  10/14      EV:  7    Int: 10    God:    Beogh [****..]
Gold:   436        SH: 12    Dex: 13    Spells: 8/8 levels left

rFire   + + .      SeeInvis .    a - +1 war axe
rCold   + . .      Faith    .    t - +2 buckler
rNeg    + + .      Spirit   .    j - +0 chain mail
rPois   .          Reflect  +    d - +0 helmet
rElec   .          Harm     .    (no cloak)
rCorr   +          Rampage  .    (no gloves)
Will    +....                    z - +0 pair of boots
Stlth   ..........               x - amulet "Wimeip" {Reflect Fragile rF++ rC+ rN+ rCorr SH+5}
HPRegen 0.23/turn                q - ring of willpower
MPRegen 0.14/turn                w - ring of positive energy

@: no status effects
A: no striking features
a: Renounce Religion, Smiting, Recall Orcish Followers


You were on level 9 of the Dungeon.
You worshipped Beogh.
Beogh was greatly pleased with you.
You visited 1 branch of the dungeon, and saw 10 of its levels.

You collected 436 gold pieces.

Inventory:

Hand Weapons
 a - a +1 war axe (weapon)
 b - a +0 mace of protection
 C - a +0 glaive
Missiles
 l - 2 throwing nets (quivered)
Armour
 d - a +0 helmet (worn)
 j - a +0 chain mail (worn)
 t - a +2 buckler (worn)
 z - a +0 pair of boots (worn)
Jewellery
 q - a ring of willpower (left hand)
 w - a ring of positive energy (right hand)
 x - the amulet "Wimeip" (around neck) {Reflect Fragile rF++ rC+ rN+ rCorr SH+5}
   (You acquired it on level 5 of the Dungeon)

   [amulet of reflection]

   It reflects blocked missile attacks.
   rF:        It greatly protects you from fire.
   rC:        It protects you from cold.
   rN:        It protects you from negative energy.
   rCorr:     It protects you from acid and corrosion.
   Fragile:   It will be destroyed if unequipped.
   SH:        It affects your SH (+5).
Wands
 m - a wand of light (2)
 r - a wand of polymorph (9)
 s - a wand of charming (4)
 D - a wand of mindburst (11)
Scrolls
 n - 4 scrolls of fog
 v - a scroll of magic mapping {unknown}
 y - a scroll of teleportation {unknown}
 A - a scroll of poison {unknown}
 B - a scroll of blinking {unknown}
Potions
 c - a potion of ambrosia
 e - 6 potions of flight
 f - 2 potions of heal wounds
 g - 3 potions of resistance
 h - 3 potions of haste
 i - 3 potions of might
 k - 5 potions of curing
 o - 3 potions of mutation
 p - 2 potions of cancellation
 u - a potion of lignification
 E - a potion of attraction {unknown}


   Skills:
 + Level 8.0 Fighting
 * Level 11.6 Axes
 + Level 6.4 Armour
 - Level 2.4 Dodging
 - Level 1.5 Stealth
 + Level 3.7 Shields
 + Level 6.9 Invocations


You had 8 spell levels left.
You didn't know any spells.
Your spell library contained the following spells:

 Spells                   Type           Power      Damage    Failure   Level
 Beastly Appendage        Tmut           0%         N/A       99%         1
 Necrotise                Necr           0%         1d4       99%         1
 Blink                    Tloc           0%         N/A       100%        2
 Cigotuvi's Dreadful Rot  Necr/Pois/Air  0%         N/A       100%        2
 Ensorcelled Hibernation  Hex/Ice        0%         N/A       100%        2
 Passwall                 Tmut/Erth      0%         N/A       100%        2
 Poisonous Vapours        Pois/Air       0%         N/A       100%        2
 Wereblood                Tmut           0%         N/A       100%        2
 Ignite Poison            Fire/Tmut/Pois 0%         N/A       100%        3
 Mephitic Cloud           Conj/Pois/Air  0%         N/A       100%        3
 Spider Form              Tmut/Pois      0%         N/A       100%        3
 Swiftness                Air            0%         N/A       100%        3
 Vampiric Draining        Necr           0%         2d6       100%        3
 Manifold Assault         Tloc           0%         N/A       100%        4
 Agony                    Necr           0%         N/A       100%        5
 Freezing Cloud           Conj/Ice/Air   0%         6-21      100%        5
 Storm Form               Tmut/Air       0%         N/A       100%        7


Dungeon Overview and Level Annotations

Branches:
Dungeon (10/15)            Temple (0/1) D:7
   Lair: D:8-11         Orc: D:9-12

Altars:
Uskayaw
Xom
Yredelemnul

Annotations:
D:3 3 runed translucent doors, Pim's ghost, amateur GnWr


Message History

You feel much better.
Your orc wizard hits the yak but does no damage.
You block the orc priest's attack.
The centaur shoots an arrow.
The arrow hits you but does no damage. The yak closely misses you.
You block the yak's attack.
Aiming: Smiting
Press: ? - help, Dir - move target, f - centaur Smite: a centaur, wielding a +0 shortbow (moderately wounded)
You smite the centaur!!
You kill the centaur!
Beogh accepts your kill.
Your orc wizard looks more experienced.
Your orc wizard hits the yak with a +0 dagger.
The orc priest hits you but does no damage.
You block the yak's attack. The yak gores you.
* * * LOW HITPOINT WARNING * * *
You slash the yak!
You kill the yak!
Beogh accepts your kill.
Your orc wizard looks more experienced.
You slash the yak!
You kill the yak!
Beogh accepts your kill.
Your orc wizard looks more experienced.
Your orc wizard points at the orc priest and mumbles some strange words.
The orc warrior appears confused.
Your Fighting skill increases to level 8!
Your orc wizard hits the orc warrior but does no damage.
The orc priest mumbles some strange prayers to Beogh against you.
Beogh smites you!
* * * LOW HITPOINT WARNING * * *
Items here: ) [ ††.
You catch the helpless orc warrior completely off-guard!
You hit the orc warrior but do no damage.
The orc warrior is lightly wounded.
Your orc wizard hits the orc warrior with a +0 dagger.
The orc priest invokes the aid of Beogh against you.
Beogh smites you!
You die...
Beogh appreciates the orc priest's killing of a heretic priest.

.. .#
..####+#######.#
...............#
...............#
.[.............#
#...†.......#
#.>)†....<..#
#..)o@......#
#....o......#
#....oo.....#
#...........#
#.......)...#
#........)..#
.............
##..........)#


You could see an orc warrior (confused, ally target), an orc priest (ally
target) and 2 friendly orc wizards.

Vanquished Creatures
  Grinder (D:4)
  A wyvern (D:8)
  4 yaks (D:9)
  A steam dragon (D:8)
  A water moccasin (D:6)
  A black bear (D:7)
  3 ogres
  2 centaurs
  A phantom (D:5)
  A bullfrog (D:8)
  A gnoll sergeant (D:8)
  A necrophage (D:5)
  4 scorpions
  2 howler monkeys (D:7)
  5 hounds
  An orc priest (D:7)
  A gnoll bouda (D:7)
  2 jellies
  2 orc wizards (D:6)
  2 iguanas
  6 adders
  22 gnolls
  4 white imps
  A worm (D:5)
  15 orcs
  6 ball pythons
  7 endoplasms
  2 giant cockroaches
  4 goblins
  8 hobgoblins
  13 jackals
  3 kobolds
  2 quokkas
  6 bats
  2 frilled lizards
  2 rats
140 creatures vanquished.

Vanquished Creatures (collateral kills)
  Maggie (D:7)
  An electric eel (D:8)
  An orc priest (D:9)
  A hound (D:8)
  An orc wizard (D:7)
  3 gnolls (D:8)
  2 orcs (D:7)
10 creatures vanquished.

Vanquished Creatures (others)
  2 orc priests (D:8)
  An orc warrior (D:8)
  12 orcs
  An endoplasm (D:3)
  A fungus (D:2)
  A withered plant (D:2)
18 creatures vanquished.

Grand Total: 168 creatures vanquished

Notes
Turn   | Place    | Note
-------+----------+-------------------------------------------
     0 | D:1      | wilfster70 the Hill Orc Monk began the quest for the Orb.
     0 | D:1      | Reached XP level 1. HP: 19/19 MP: 1/1
   409 | D:1      | Reached XP level 2. HP: 18/27 MP: 2/2
   612 | D:1      | Reached skill level 1 in Armour
  1062 | D:1      | Reached XP level 3. HP: 26/33 MP: 3/3
  1249 | D:2      | Found a basalt altar of Yredelemnul.
  1383 | D:1      | Reached skill level 5 in Axes
  1601 | D:1      | Reached XP level 4. HP: 13/40 MP: 4/4
  2562 | D:2      | Found a faded altar of an unknown god.
  2586 | D:2      | Reached XP level 5. HP: 20/47 MP: 5/5
  2826 | D:2      | Reached skill level 6 in Axes
  3237 | D:3      | Became a worshipper of Beogh the Brigand
  3237 | D:3      | Reached * piety under Beogh
  3237 | D:3      | Reached ** piety under Beogh
  3543 | D:3      | Reached skill level 1 in Invocations
  3812 | D:3      | Found a runed translucent gate.
  3812 | D:3      | Found a runed translucent gate.
  3812 | D:3      | Found a runed translucent gate.
  3813 | D:3      | Noticed Pim's ghost (amateur GnWr)
  4065 | D:4      | Noticed Grinder
  4070 | D:4      | Paralysed by Grinder for 5 turns
  4077 | D:4      | Paralysed by Grinder for 3 turns
  4083 | D:4      | Killed Grinder
  4084 | D:4      | Reached skill level 5 in Fighting
  4084 | D:4      | Reached skill level 7 in Axes
  4084 | D:4      | Reached XP level 6. HP: 22/56 MP: 3/7
  4363 | D:4      | Reached XP level 7. HP: 28/61 MP: 7/9
  4854 | D:4      | Found a hide-covered altar of Uskayaw.
  4952 | D:4      | Reached *** piety under Beogh
  5280 | D:5      | Entered Level 5 of the Dungeon
  5501 | D:5      | Reached skill level 8 in Axes
  5556 | D:5      | Found a shimmering altar of Xom.
  5851 | D:5      | Identified a scroll of acquirement
  5851 | D:5      | Acquired the amulet "Wimeip" {Reflect Fragile rF++ rC+ rN+
                  | rCorr SH+5}
  6173 | D:5      | Reached XP level 8. HP: 70/70 MP: 9/11
  6475 | D:5      | Reached skill level 9 in Axes
  7471 | D:6      | Reached skill level 5 in Invocations
  7552 | D:5      | Upgraded the game from 0.30-a0-137-gd8773701ce to
                  | 0.30-a0-149-g7f746667c4
  7938 | D:7      | Reached skill level 5 in Armour
  8002 | D:7      | Reached skill level 1 in Shields
  8042 | D:7      | Reached skill level 10 in Axes
  8071 | D:7      | Reached XP level 9. HP: 79/79 MP: 13/13
  8154 | D:7      | Noticed Maggie
  8163 | D:7      | Killed Maggie
  8275 | D:7      | Found a staircase to the Ecumenical Temple.
  8895 | D:8      | Gained Boldo as an ally
  9078 | D:8      | Your ally Boldo died
  9411 | D:8      | Reached **** piety under Beogh
  9414 | D:8      | Reached skill level 11 in Axes
  9724 | D:10     | Entered Level 10 of the Dungeon
  9744 | D:9      | HP: 3/80 [yak (11)]
  9750 | D:9      | Killed from afar by an orc priest

Illustrated notes

Levels and vault maps discovered:
D:1:      psy_arrival_dodecagon, layout_basic
D:2:      minmay_evil_eye, layout_basic, shapermc_ecumenical_altar_gd,
          basic_altar
D:3:      layout_rooms, ebering_ghost_rock_garden, kennysheep_donut,
          minmay_misc_feat_iff
D:4:      layout_cave_pools, general_overflow_altar, uniq_grinder
D:5:      layout_gridville, lemuel_crystal_altar
D:6:      layout_loops_ring
D:7:      layout_rooms, minmay_temple_entry_glassed_door, uniq_maggie
D:8:      layout_cave_pools, serial_gnoll_camp, gnoll_camp_huts_moat,
          gnoll_camp_mini_loothouse, gnoll_camp_mini_basic,
          gnoll_camp_mini_basic, gnoll_camp_medium_01, dk_noncrumbling_2
D:9:      layout_small_grid, zin_angel
D:10:     layout_roguey, elyvilon_altar_1, erik_lair_dragon, enter_bailey_2

Skill      XL: |  1  2  3  4  5  6  7  8  9 |
---------------+----------------------------+-----
Armour         | 1 2 3 4 5 6 |  6.4
Fighting       | 4 5 6 7 8 |  8.0
Axes           | 5 7 8 10 11 | 11.6
Invocations    | 2 4 5 6 |  6.9
Shields        | 1 3 |  3.7
Dodging        | |  2.4
Stealth        | |  1.5

Action                   |  1- 3 |  4- 6 |  7- 9 || total
-------------------------+-------+-------+-------++-------
Melee: Hand axe          |   137 |   166 |   129 ||   432
       Punch             |     1 |       |     4 ||     5
       Mace              |       |       |    72 ||    72
       War axe           |       |       |   138 ||   138
Invok: Smiting           |       |     1 |     4 ||     5
       Convert to Beogh  |       |     1 |       ||     1
       Recall Orcish Fol |       |       |     1 ||     1
       Stop Recall       |       |       |     1 ||     1
Evoke: Wand              |       |       |     3 ||     3
  Use: Scroll            |       |     2 |    12 ||    14
       Potion            |       |       |     1 ||     1
 Stab: Sleeping          |     1 |       |       ||     1
       Confused          |       |       |     1 ||     1
Armor: Robe              |    25 |       |       ||    25
       Chain mail        |    28 |   120 |   168 ||   316
Dodge: Dodged            |    86 |    80 |    96 ||   262
Block: Other             |       |       |    26 ||    26
       Buckler           |       |       |    98 ||    98
       Reflection        |       |       |     5 ||     5

Table legend: (Time is in decaauts)
 A = Elapsed time spent in this place.
 B = Non-inter-level travel time spent in this place.
 C = Inter-level travel time spent in this place.
 D = Time resting spent in this place.
 E = Time spent auto-exploring this place.
 F = Levels seen in this place.
 G = Mean time per level.
                   A        B        C        D        E       F      G
               +--------+--------+--------+--------+--------+-----+--------+
         Total |   9772 |   9548 |    224 |   4101 |   2214 |  10 |  977.2 |
       Dungeon |   9772 |   9548 |    224 |   4101 |   2214 |  10 |  977.2 |
               +--------+--------+--------+--------+--------+-----+--------+

Top non-repeatable levels by time:
     D:2: 1706 daAuts
     D:1: 1565 daAuts
     D:5: 1356 daAuts
     D:6: 1228 daAuts
     D:4: 1096 daAuts
     D:3: 987 daAuts
     D:7: 874 daAuts
     D:8: 859 daAuts
     D:9: 85 daAuts
    D:10: 13 daAuts
